 Dungeon Crawl Stone Soup version 0.31-a0-744-gbc345e7fcb (webtiles) character file.

Game seed: 3241066518993868496

21712 Arminio the Marksspriggan (level 12, -14/65 HPs)
             Began as a Spriggan Hunter on Sept 11, 2023.
             Demolished by a death yak (21 damage)
             ... on level 2 of the Lair of Beasts on Sept 13, 2023.
             The game lasted 00:26:33 (13734 turns).

Arminio the Marksspriggan (Spriggan Hunter)        Turns: 13734, Time: 00:26:34

Health: -14/65     AC:  2    Str:  7    XL:     12   Next: 56%
Magic:  18/18      EV: 28    Int: 11    God:
Gold:   486        SH:  0    Dex: 23    Spells: 12/17 levels left

rFire   + . .        J - +2 arbalest (heavy)
rCold   x . .        (shield currently unavailable)
rNeg    . . .        c - +0 robe
rPois   .            (helmet restricted)
rElec   .            g - scarf {harm}
rCorr   .            (gloves unavailable)
SInv    +            (boots unavailable)
Will    ++...        y - amulet of the acrobat
Stlth   +++          x - +5 ring of evasion
HPRegen 0.30/turn    H - ring of fire
MPRegen 0.16/turn

%: harm (+30% outgoing, +20% incoming), acrobat
@: very quick
A: very small, no large weapons, unfitting armour, see invisible, speed 3
a: no special abilities


You were on level 2 of the Lair of Beasts.
You visited 2 branches of the dungeon, and saw 14 of its levels.
You also visited: Ossuary.

You collected 1040 gold pieces.
You spent 554 gold pieces at shops.

Inventory:

Hand Weapons
 F - the +0 dagger "Ithicob" {heavy, rN+ rCorr Dex+4 Stlth+}
   (You bought it in a shop on level 8 of the Dungeon)

   Dex+4:     It affects your dexterity (+4).
   rN+:       It protects you from negative energy.
   rCorr:     It protects you from acid and corrosion.
   Stlth+:    It makes you more stealthy.
 J - a +2 heavy arbalest (weapon)
Armour
 c - a +0 robe (worn)
 g - a scarf of harm (worn)
Jewellery
 x - a +5 ring of evasion (left hand)
 y - an amulet of the acrobat (around neck)
 H - a ring of fire (right hand)
 L - a ring of protection from cold
Wands
 A - a wand of polymorph (8)
 C - a wand of roots (20)
 E - a wand of charming (6)
 M - a wand of quicksilver (7)
 N - a wand of flame (12)
Scrolls
 a - 2 scrolls of identify
 b - a scroll of butterflies
 e - 3 scrolls of teleportation
 f - 4 scrolls of fog
 k - 3 scrolls of noise
 m - 3 scrolls of fear
 o - 4 scrolls of poison
 q - a scroll of vulnerability
 w - a scroll of immolation
 z - 2 scrolls of amnesia
 D - a scroll of brand weapon
 G - a scroll of silence
 I - 2 scrolls of blinking
Potions
 d - 12 potions of curing
 h - 4 potions of heal wounds
 i - a potion of magic {unknown}
 j - a potion of might {unknown}
 l - a potion of attraction {unknown}
 n - 5 potions of brilliance
 p - 2 potions of mutation
 r - 3 potions of lignification
 s - 2 potions of cancellation
 t - 3 potions of haste
 u - a potion of ambrosia
 v - a potion of degeneration {unknown}
 B - a potion of resistance {unknown}
 K - a potion of enlightenment {unknown}


   Skills:
 + Level 8.5 Fighting
 + Level 6.5 Short Blades
 + Level 16.6 Ranged Weapons
 + Level 7.1 Dodging
 + Level 2.9 Stealth
 - Level 3.4 Spellcasting
 - Level 3.9 Translocations
 * Level 1.4 Evocations


You had 12 spell levels left.
You knew the following spells:

 Your Spells              Type           Power      Damage    Failure   Level
a - Summon Forest         Summ/Tloc      3%         N/A       97%         5

Your spell library contained the following spells:

 Spells                   Type           Power      Damage    Failure   Level
 Freeze                   Ice            4%         1d3       26%         1
 Summon Small Mammal      Summ           4%         N/A       26%         1
 Volatile Blastmotes      Fire/Tloc      18%        2d11      34%         3
 Ensorcelled Hibernation  Hex/Ice        2%         N/A       36%         2
 Passwall                 Tmut/Erth      0%         N/A       36%         2
 Call Canine Familiar     Summ           1%         N/A       58%         3
 Frozen Ramparts          Ice            2%         1d1       58%         3
 Hailstorm                Conj/Ice       1%         3d3       58%         3
 Summon Guardian Golem    Hex/Summ       1%         N/A       58%         3
 Swiftness                Air            1%         N/A       58%         3
 Iskenderun's Mystic Bla  Conj/Tloc      6%         2d4       75%         4
 Fulminant Prism          Conj/Hex       0%         3d5       94%         4
 Summon Mana Viper        Hex/Summ       1%         N/A       100%        5
 Summon Cactus Giant      Summ           0%         N/A       100%        6


Dungeon Overview and Level Annotations

Branches:
Dungeon (12/15)            Temple (0/1) D:6            Lair (2/5) D:9
    Orc (0/2) D:10        Ossuary (visited)
  Swamp: Lair:2-3    Shoals: Lair:2-3     Snake: Lair:2-3    Spider: Lair:2-3

Altars:
Ashenzari
Cheibriados
Elyvilon
Fedhas
Gozag
Hepliaklqana
Kikubaaqudgha
Makhleb
Ru
Uskayaw
Vehumet
Wu Jian
Xom
Zin
The Shining One

Shops:
D:3 ?   D:8 (


Innate Abilities, Weirdness & Mutations

You are very small and have problems with some larger weapons.
You are too small for most types of armour.
You have supernaturally acute eyesight. (SInv)
You cover ground extremely quickly. (Speed+++)


Message History

You shoot a bolt. The bolt hits the basilisk!
The basilisk is heavily wounded.
The basilisk gazes at you. You resist with almost no effort.
A basilisk is nearby!
You shoot a bolt. The bolt hits the basilisk!!!
You kill the basilisk!
A bullfrog comes into view.
You shoot a bolt. The bolt hits the bullfrog!!!
You kill the bullfrog!
Found an escape hatch in the ceiling.
k - 3 scrolls of noise (gained 1)
Found a stone staircase leading down.
No target in view!
C - a wand of roots (20) (gained 2 charges) 3 death yaks come into view.
You shoot a bolt. The bolt hits the death yak!
The death yak is lightly wounded.
You hear a croak.
The death yak bellows!
A bullfrog comes into view.
The death yak bellows!
You hear a bellow!
There are monsters nearby!
You shoot a bolt. The bolt hits the bullfrog!!!
You kill the bullfrog!
A death yak comes into view. x2
There are monsters nearby!
You shoot a bolt. The bolt hits the death yak!!
The death yak is severely wounded.
The death yak barely misses you.
There are monsters nearby!
You shoot a bolt.
The bolt completely misses the death yak.
The bolt hits the death yak!!!
The death yak is almost dead.
You hear a loud, deep croak!
You hear an angry hiss.
The death yak gores you!! x2
Ouch! That really hurt!
* * * LOW HITPOINT WARNING * * *
The death yak gores you!!
You die...

#..#.#.#.##..
###.....#...
#.##.#.#.....
#............
##.#>#.##.....
#.#...........
#...#.#.##..###
#..###.##.. .#
#.#. #@## #.. #
###. #YY# ..# #
..Y†. .#
........
....P#YY...
............
...####. ....
...# ##....


You could see 5 death yaks.

Vanquished Creatures
  Erica (D:8)
  5 two-headed ogres
  The ghost of MrCrawl the Arsonist, a novice TeFE (D:8)
  3 cyclopes (D:11)
  A manticore (D:11)
  Joseph (D:7)
  3 cane toads (Lair:1)
  A komodo dragon (Lair:1)
  A troll (D:11)
  Grinder (D:3)
  8 blink frogs
  The ghost of Turgor the Changeling, an amateur OpSh (D:5)
  2 centaur simulacra (D:11)
  A shadow (D:8)
  33 yaks
  2 basilisks
  3 wyverns
  3 steam dragons
  The ghost of Flippered the Insei, an amateur OpSh of Makhleb (D:3)
  6 water moccasins
  2 ice beasts (D:11)
  8 orc warriors
  An ogre (D:6)
  3 centaurs
  2 phantoms (D:6)
  A kobold brigand (D:6)
  3 elf zombies (Ossuary)
  10 bullfrogs
  2 wyvern zombies (D:6)
  4 scorpions
  2 water moccasin zombies (D:6)
  7 wights
  A wyvern skeleton (D:6)
  15 killer bees
  3 howler monkeys (D:10)
  3 electric eels
  2 centaur zombies
  A bullfrog zombie (D:6)
  A human zombie (Ossuary)
  3 jellies
  6 hounds
  8 orc priests
  A gnoll bouda (D:6)
  2 centaur skeletons (D:6)
  2 sleepcaps (D:6)
  3 iguanas
  7 orc wizards
  7 hell rats
  3 killer bee zombies (D:6)
  2 mummies (Ossuary)
  A howler monkey zombie (D:6)
  12 adders
  A shadow imp (D:7)
  15 white imps
  7 ufetubi
  2 worms (D:2)
  2 dart slugs
  51 orcs
  7 ball pythons
  A bat (D:1)
  6 endoplasms (D:1)
  2 giant cockroaches (D:1)
  4 goblins
  7 hobgoblins
  6 jackals
  4 quokkas
  4 frilled lizards (D:1)
  A goblin zombie (Ossuary)
  12 hobgoblin zombies (Ossuary)
  3 jackal zombies (Ossuary)
  10 kobolds
  9 kobold zombies (Ossuary)
  5 orc zombies (Ossuary)
  2 rats (D:1)
  2 rat zombies (Ossuary)
369 creatures vanquished.

Vanquished Creatures (others)
  2 vampire mosquitoes (D:10)
2 creatures vanquished.

Grand Total: 371 creatures vanquished

Notes
Turn   | Place    | Note
-------+----------+-------------------------------------------
     0 | D:1      | Arminio the Spriggan Hunter began the quest for the Orb.
     0 | D:1      | Reached XP level 1. HP: 10/10 MP: 2/2
   175 | D:1      | Reached XP level 2. HP: 14/14 MP: 3/3
   380 | D:1      | Reached XP level 3. HP: 9/18 MP: 4/4
   452 | D:1      | Reached skill level 5 in Ranged Weapons
   476 | D:1      | Found a faded altar of an unknown god.
  1122 | D:2      | Found an ornate altar of the Wu Jian Council.
  1856 | D:3      | Found Afois's Magic Scroll Shop.
  1868 | D:3      | Bought a scroll of fear for 40 gold pieces
  1868 | D:3      | Bought a scroll of fog for 40 gold pieces
  1874 | D:3      | Noticed Grinder
  1900 | D:3      | Paralysed by Grinder for 2 turns
  1904 | D:3      | Killed Grinder
  1905 | D:3      | Reached skill level 7 in Ranged Weapons
  1905 | D:3      | Reached XP level 4. HP: 19/23 MP: 5/5
  1905 | D:3      | Reached XP level 5. HP: 22/26 MP: 6/6
  2017 | D:3      | Reached XP level 6. HP: 30/30 MP: 7/7
  2076 | D:3      | Found a radiant altar of Vehumet.
  2109 | D:3      | Found a large runed translucent door.
  2110 | D:3      | Found a large runed translucent door.
  2113 | D:3      | Noticed Flippered's ghost (amateur OpSh)
  2222 | D:3      | Found a white marble altar of Elyvilon.
  2455 | D:3      | Killed Flippered's ghost
  2613 | D:4      | Found a shimmering altar of Xom.
  3044 | D:4      | Reached skill level 8 in Ranged Weapons
  3044 | D:4      | Reached XP level 7. HP: 28/35 MP: 8/8
  3177 | D:5      | Entered Level 5 of the Dungeon
  3184 | D:5      | Found a faded altar of an unknown god.
  3184 | D:5      | Found a hazy altar of Hepliaklqana.
  3184 | D:5      | Found a snail-covered altar of Cheibriados.
  3201 | D:5      | Found a hide-covered altar of Uskayaw.
  3215 | D:5      | Found a faded altar of an unknown god.
  3353 | D:5      | Found a large runed translucent door.
  3353 | D:5      | Found a large runed translucent door.
  3356 | D:5      | Noticed Turgor's ghost (amateur OpSh)
  3505 | D:5      | Found a broken altar of Ashenzari.
  3668 | D:5      | Found a burning altar of Makhleb.
  4246 | D:5      | Killed Turgor's ghost
  4247 | D:5      | Reached skill level 9 in Ranged Weapons
  4340 | D:6      | Reached XP level 8. HP: 40/40 MP: 9/9
  4345 | D:6      | Found a sacrificial altar of Ru.
  4350 | D:6      | Found a sand-covered staircase.
  4354 | Ossuary  | Entered an ossuary
  4584 | Ossuary  | Upgraded the game from 0.31-a0-716-gc7603755dd to
                  | 0.31-a0-744-gbc345e7fcb
  4601 | Ossuary  | Reached skill level 10 in Ranged Weapons
  5264 | D:6      | Reached skill level 11 in Ranged Weapons
  5475 | D:6      | Reached XP level 9. HP: 45/45 MP: 10/10
  5796 | D:6      | Reached skill level 12 in Ranged Weapons
  5943 | D:6      | Found a staircase to the Ecumenical Temple.
  6503 | D:7      | Found a blossoming altar of Fedhas.
  6630 | D:7      | Noticed Joseph
  6836 | D:7      | Reached skill level 13 in Ranged Weapons
  7448 | D:7      | Found an ornate altar of the Wu Jian Council.
  7630 | D:7      | Killed Joseph
  7631 | D:7      | Reached XP level 10. HP: 51/51 MP: 11/11
  7749 | D:8      | Found an ancient bone altar of Kikubaaqudgha.
  7846 | D:8      | Found a glowing silver altar of Zin.
  7947 | D:8      | Found a runed translucent gate.
  7947 | D:8      | Found a runed translucent gate.
  7947 | D:8      | Found a runed translucent gate.
  7970 | D:8      | Noticed Erica
  7975 | D:8      | Killed Erica
  7976 | D:8      | Reached skill level 5 in Fighting
  7976 | D:8      | Reached skill level 14 in Ranged Weapons
  8170 | D:8      | Found Aleroder's Weapon Shoppe.
  8178 | D:8      | Bought the +0 dagger "Ithicob" {heavy, rN+ rCorr Dex+4
                  | Stlth+} for 474 gold pieces
  8378 | D:8      | Noticed MrCrawl's ghost (novice TeFE)
  8420 | D:8      | Killed MrCrawl's ghost
  8421 | D:8      | Reached skill level 1 in Short Blades
  8567 | D:9      | You fall into a shaft and drop 3 floors!
  8609 | D:12     | Noticed a two-headed ogre
  8625 | D:12     | Killed a two-headed ogre
  8869 | D:11     | Noticed a manticore
  8875 | D:11     | Killed a manticore
  8876 | D:11     | Reached skill level 15 in Ranged Weapons
  8929 | D:11     | Noticed a cyclops
  8933 | D:11     | Noticed a cyclops
  8940 | D:11     | Killed a cyclops
  8941 | D:11     | Reached skill level 5 in Dodging
  8941 | D:11     | Reached XP level 11. HP: 56/56 MP: 12/12
  9125 | D:10     | Entered Level 10 of the Dungeon
  9379 | D:9      | Found an opulent altar of Gozag.
  9845 | D:9      | Found a staircase to the Lair.
  9982 | D:10     | Noticed a two-headed ogre
  9993 | D:10     | Killed a two-headed ogre
 10002 | D:10     | Found a glowing golden altar of the Shining One.
 10745 | D:10     | Noticed a two-headed ogre
 10752 | D:10     | Killed a two-headed ogre
 10850 | D:10     | Identified a scroll of acquirement
 10850 | D:10     | Acquired a +2 heavy arbalest
 10977 | D:10     | Found a staircase to the Orcish Mines.
 11131 | D:10     | Reached skill level 5 in Short Blades
 11299 | D:11     | Noticed a two-headed ogre
 11302 | D:11     | Killed a two-headed ogre
 11309 | D:11     | Noticed a two-headed ogre
 11310 | D:11     | Killed a two-headed ogre
 11963 | Lair:1   | Entered Level 1 of the Lair of Beasts
 11996 | Lair:1   | Reached skill level 16 in Ranged Weapons
 12007 | Lair:1   | Learned a level 5 spell: Summon Forest
 12034 | Lair:1   | Reached XP level 12. HP: 44/64 MP: 13/13
 12135 | Lair:1   | Reached skill level 1 in Spellcasting
 12135 | Lair:1   | Reached skill level 1 in Translocations
 13656 | Lair:2   | Reached skill level 1 in Evocations
 13730 | Lair:2   | Noticed a death yak
 13730 | Lair:2   | Noticed a death yak
 13730 | Lair:2   | Noticed a death yak
 13732 | Lair:2   | Noticed a death yak
 13732 | Lair:2   | Noticed a death yak
 13734 | Lair:2   | Demolished by a death yak

Illustrated notes

Levels and vault maps discovered:
D:1:      minmay_arrival_four_circles, layout_basic,
          ebering_ecumenical_altar_petrified
D:2:      layout_basic, serial_corexii_hall, corexii_hall_statues_deadend,
          corexii_hall_statues_l, basic_altar, feat_on_display
D:3:      layout_rooms, vehumet_crystals, lemuel_doored_altar, serial_shops,
          shop, ebering_ghost_disaster_area, uniq_grinder
D:4:      layout_loops_ring, mainiacjoe_overflow_catwalk,
          amcnicky_mini_pool_small
D:5:      layout_loops_cross, mainiacjoe_overflow_alcove_1,
          chequers_temple_overflow_minitemple, mainiacjoe_overflow_paths,
          ebering_ghost_disaster_area
D:6:      layout_cave_pools, mainiacjoe_overflow_tiny_flanked,
          minmay_temple_entry_sparse_star, serial_undead, serial_undead_e,
          serial_undead_a, serial_undead_f, serial_undead_e, serial_undead_d,
          serial_undead_f, serial_undead_e, enter_ossuary_5, minmay_bent
D:7:      layout_loops_ring, mainiacjoe_overflow_boulevard,
          nzn_wu_jian_contemplation, kennysheep_generic_room_11, uniq_joseph
D:8:      layout_basic, zin_statuary, mainiacjoe_overflow_cross_hatched,
          serial_shops, shop, gammafunk_ghost_spectres, uniq_erica
D:9:      layout_loops_cross, grunt_gozag_statues, dpeg_oklobed_lair
D:10:     layout_roguey, mainiacjoe_overflow_six_doors_small, david_orc_5,
          lemuel_flamethrower_hall
D:11:     layout_gridville, serial_ice, serial_ice_h, serial_ice_c,
          serial_ice_f, serial_ice_d, serial_ice_e, serial_ice_l,
          portal_ice_cave_entry_imps, nicolae_fort_ynox
D:12:     layout_loops_ring, chequers_serial_rivers_marsh
Lair:1:   layout_gridlike, serial_bayou_shore_a, lemuel_fruit_fields
Lair:2:   layout_layer_cave, st_stairs_13

Skill      XL: |  1  2  3  4  5  6  7  8  9 10 11 12 |
---------------+-------------------------------------+-----
Ranged Weapons | 7 8 9 11 13 15 16 | 16.6
Fighting       | 2 3 4 6 7 8 |  8.5
Dodging        | 3 4 5 6 7 |  7.1
Short Blades   | 3 6 |  6.5
Stealth        | 2 |  2.9
Spellcasting   | 3 |  3.4
Translocations | 3 |  3.9
Evocations     | 1 |  1.4

Action                     |  1- 3 |  4- 6 |  7- 9 | 10-12 || total
---------------------------+-------+-------+-------+-------++-------
   Fire: Shortbow          |   160 |    67 |   567 |   384 ||  1178
         Arbalest          |       |       |       |   176 ||   176
    Use: Scroll            |     3 |       |    13 |     8 ||    24
         Potion            |       |       |       |     2 ||     2
 Armour: Robe              |    21 |     3 |    61 |    62 ||   147
  Dodge: Dodged            |    55 |     7 |   190 |   294 ||   546

Table legend: (Time is in decaauts)
 A = Elapsed time spent in this place.
 B = Non-inter-level travel time spent in this place.
 C = Inter-level travel time spent in this place.
 D = Time resting spent in this place.
 E = Time spent auto-exploring this place.
 F = Levels seen in this place.
 G = Mean time per level.
                   A        B        C        D        E       F      G
               +--------+--------+--------+--------+--------+-----+--------+
         Total |  10297 |   9945 |    352 |   2545 |   5184 |  15 |  686.5 |
       Dungeon |   8132 |   7790 |    342 |   1547 |   4610 |  12 |  677.7 |
          Lair |   1530 |   1521 |      9 |    687 |    491 |   2 |  765.0 |
       Ossuary |    634 |    634 |      0 |    310 |     82 |   1 |  634.0 |
               +--------+--------+--------+--------+--------+-----+--------+

Top non-repeatable levels by time:
  Lair:1: 1431 daAuts
     D:6: 1069 daAuts
    D:10: 1066 daAuts
     D:5: 966 daAuts
     D:7: 828 daAuts
    D:11: 825 daAuts
     D:2: 682 daAuts
     D:9: 636 daAuts
 Ossuary: 634 daAuts
     D:1: 581 daAuts
     D:8: 487 daAuts
     D:3: 471 daAuts
     D:4: 421 daAuts
  Lair:2: 98 daAuts
    D:12: 96 daAuts
